 Dungeon Crawl Stone Soup version 0.31-a0-636-ge1c0e020e0 (webtiles) character file.

Game seed: 3657460657450601464

1685816 GloriousHammer the Slayer (level 27, 124/138 (146) HPs)
             Began as a Vine Stalker Brigand on Aug 24, 2023.
             Was a Follower of Uskayaw.
             Escaped with the Orb
             ... and 3 runes on Aug 26, 2023!
             The game lasted 04:22:50 (70713 turns).

GloriousHammer the Slayer (Vine Stalker Brigand)   Turns: 70713, Time: 04:22:50

HP:   124/138 (146) AC: 41    Str: 24      XL:     27
MP:   46/46         EV: 18    Int: 11 (14) God:    Uskayaw [*.....]
Gold: 463           SH: 22    Dex: 34      Spells: 30/44 levels left

rFire   + + .        n - +9 demon blade (freeze)
rCold   + . .        O - +5 kite shield of the Dragon {Will+ Int+3 Dex-2}
rNeg    . . .        Z - +5 gold dragon scales
rPois   +            i - +2 helmet {SInv}
rElec   +            H - +2 cloak {Will+}
rCorr   +            G - +1 pair of gloves
SInv    +            P - +2 pair of boots {rampage}
Will    +++++        V - amulet of the Centipede {RegenMP Slay+3} Stlth
                     v - ring of the Death Scarab {rElec MP+9 Dex+6 SInv Stlth-}
HPRegen 1.23/turn    o - ring of Hymeonusa {rPois rF+ rCorr Dex+6}
MPRegen 0.70/turn

%: guardian spirit, rampage
@: studying Evocations, drained
A: fangs 3, regeneration 1, magic shield, antimagic bite, no potion heal 2,
frail 1, strong 2
0: Orb of Zot
}: 3/15 runes: decaying, serpentine, abyssal
a: Renounce Religion, Stomp


You escaped.
You worshipped Uskayaw.
Uskayaw was most pleased with you.
You visited 11 branches of the dungeon, and saw 50 of its levels.
You visited the Abyss 2 times.

You collected 7311 gold pieces.
You spent 6848 gold pieces at shops.

Inventory:

Hand Weapons
 a - a +3 dagger of speed
 b - a +2 heavy hand crossbow
 d - a +4 vampiric short sword
 n - a +9 demon blade of freezing (weapon)
Missiles
 e - 11 curare-tipped darts (quivered)
 m - 8 datura-tipped darts
 J - 12 atropa-tipped darts
 Q - 2 throwing nets
Armour
 i - a +2 helmet of see invisible (worn)
 G - a +1 pair of gloves (worn)
 H - a +2 cloak of willpower (worn)
 O - the +5 kite shield of the Dragon (worn) {Will+ Int+3 Dex-2}
   (You took it off Asterion on level 3 of the Elven Halls)

   Int+3:     It affects your intelligence (+3).
   Dex-2:     It affects your dexterity (-2).
   Will+:     It increases your willpower.
 P - a +2 pair of boots of rampaging (worn)
 Z - +5 gold dragon scales (worn)
Jewellery
 o - the ring of Hymeonusa (right hand) {rPois rF+ rCorr Dex+6}
   (You bought it in a shop on level 2 of the Orcish Mines)

   [ring of dexterity]

   Dex+6:     It affects your dexterity (+6).
   rF+:       It protects you from fire.
   rPois:     It protects you from poison rCorr: It protects you from acid and
   corrosion.
 v - the ring of the Death Scarab (left hand) {rElec MP+9 Dex+6 SInv Stlth-}
   (You bought it in a shop on level 2 of the Orcish Mines)

   [ring of dexterity]

   Dex+6:     It affects your dexterity (+6).
   rElec:     It insulates you from electricity.
   MP+9:      It affects your magic capacity (+9).
   SInv:      It lets you see invisible.
   Stlth-:    It makes you less stealthy.
 C - a ring of protection from cold
 E - the ring "Doxiz" {Drain rN++ rCorr MP+9}
   (You took it off a deep elf master archer on level 3 of the Elven Halls)

   [ring of resist corrosion]

   rN++:      It greatly protects you from negative energy.
   MP+9:      It affects your magic capacity (+9).
   rCorr:     It protects you from acid and corrosion.
   Drain:     It drains your maximum health when unequipped.
 F - the ring of Freedom {Fire *Corrode rElec Int+3 Dex+3}
   (You found it on level 1 of the Realm of Zot)

   [ring of fire]

   Fire:      It enhances your fire magic.
   Int+3:     It affects your intelligence (+3).
   Dex+3:     It affects your dexterity (+3).
   rF+:       It protects you from fire.
   rC-:       It makes you vulnerable to cold.
   rElec:     It insulates you from electricity.
   *Corrode:  It may corrode you when you take damage.
 V - the amulet of the Centipede (around neck) {RegenMP Slay+3}
   (You acquired it on level 4 of the Dungeon)

   [amulet of magic regeneration]

   RegenMP:   It increases your rate of magic regeneration.
   Slay+3:    It affects your accuracy & damage with ranged weapons and melee
   (+3).
 Y - a +4 ring of slaying
Wands
 c - a wand of light (35)
 s - a wand of mindburst (46)
 t - a wand of polymorph (32)
 u - a wand of charming (25)
 z - a wand of roots (61)
 S - a wand of digging (23)
Scrolls
 k - a scroll of revelation
 p - 9 scrolls of immolation
 w - 9 scrolls of fog
 A - 23 scrolls of teleportation
 B - 2 scrolls of silence
 M - 6 scrolls of fear
 N - 7 scrolls of blinking
 W - 9 scrolls of poison
Potions
 g - 6 potions of enlightenment
 h - 6 potions of magic
 j - 18 potions of curing
 l - 8 potions of berserk rage
 q - 8 potions of attraction
 r - 5 potions of haste
 y - 5 potions of cancellation
 D - 3 potions of mutation
 I - 3 potions of ambrosia
 K - 2 potions of invisibility
 L - 3 potions of resistance
 T - 10 potions of brilliance
 U - 5 potions of might
Miscellaneous
 x - a lightning rod (4/4)
 R - a phantom mirror
 X - a phial of floods


   Skills:
 + Level 22.4 Fighting
 - Level 10.0(12.7) Short Blades
 - Level 12.6(14.0) Long Blades
 - Level 3.0 Throwing
 + Level 18.6 Armour
 - Level 15.8 Dodging
 - Level 14.0 Stealth
 - Level 14.0 Shields
 - Level 9.0 Spellcasting
 - Level 12.3 Translocations
 - Level 11.0 Transmutations
 - Level 12.2 Air Magic
 - Level 16.0 Invocations
 - Level 10.0 Evocations


You had 30 spell levels left.
You knew the following spells:

 Your Spells              Type           Power      Damage    Failure   Level
a - Vhi's Electric Charg  Tloc/Air       62%        N/A       9%          3
b - Lesser Beckoning      Tloc           64%        N/A       4%          2
c - Wereblood             Tmut           29%        N/A       7%          2
d - Swiftness             Air            31%        N/A       9%          3
e - Blink                 Tloc           64%        N/A       4%          2
f - Passwall              Tmut/Erth      14%        N/A       54%         2

Your spell library contained the following spells:

 Spells                   Type           Power      Damage    Failure   Level
 Gell's Gravitas          Tloc           32%        N/A       9%          3
 Teleport Other           Tloc           32%        N/A       9%          3
 Airstrike                Air            15%        2d(3-19)  26%         4
 Momentum Strike          Conj/Tloc      36%        3d9       45%         2
 Static Discharge         Conj/Air       36%        2-4/arc   45%         2
 Portal Projectile        Hex/Tloc       36%        N/A       71%         3
 Volatile Blastmotes      Fire/Tloc      36%        2d13      71%         3
 Iskenderun's Mystic Bla  Conj/Tloc      18%        2d6       98%         4
 Summon Lightning Spire   Summ/Air       18%        N/A       98%         4
 Freeze                   Ice            16%        1d4       99%         1
 Kiss of Death            Conj/Necr      16%        2d6       99%         1
 Necrotise                Necr           16%        1d4       99%         1
 Sandblast                Erth           8%         2d5       99%         1
 Slow                     Hex            16%        N/A       99%         1
 Ensorcelled Hibernation  Hex/Ice        8%         N/A       99%         2
 Scorch                   Fire           8%         2d5       99%         2
 Petrify                  Tmut/Erth      17%        N/A       99%         4
 Dispersal                Tloc           16%        N/A       99%         6
 Call Canine Familiar     Summ           4%         N/A       100%        3
 Confusing Touch          Hex            4%         N/A       100%        3
 Frozen Ramparts          Ice            8%         1d2       100%        3
 Hailstorm                Conj/Ice       4%         3d4       100%        3
 Inner Flame              Hex/Fire       4%         N/A       100%        3
 Ozocubu's Armour         Ice            4%         N/A       100%        3
 Stone Arrow              Conj/Erth      8%         3d7       100%        3
 Vampiric Draining        Necr           4%         2d6       100%        3
 Anguish                  Hex/Necr       2%         N/A       100%        4
 Animate Dead             Necr           4%         N/A       100%        4
 Dispel Undead            Necr           4%         3d7       100%        4
 Flame Wave               Conj/Fire      4%         2d5       100%        4
 Fulminant Prism          Conj/Hex       2%         3d5       100%        4
 Leda's Liquefaction      Hex/Erth       2%         N/A       100%        4
 Olgreb's Toxic Radiance  Pois           4%         N/A       100%        4
 Sticky Flame             Conj/Fire      4%         2d3       100%        4
 Summon Ice Beast         Ice/Summ       4%         N/A       100%        4
 Alistair's Intoxication  Tmut/Pois      11%        N/A       100%        5
 Arcjolt                  Conj/Air       9%         1d19      100%        5
 Borgnjor's Vile Clutch   Necr/Erth      2%         N/A       100%        5
 Fireball                 Conj/Fire      2%         3d4       100%        5
 Irradiate                Conj/Tmut      8%         3d14      100%        5
 Iskenderun's Battlesphe  Conj           4%         2d6       100%        5
 Summon Forest            Summ/Tloc      9%         N/A       100%        5
 Summon Mana Viper        Hex/Summ       4%         N/A       100%        5
 Conjure Ball Lightning   Conj/Air       9%         3x3d6     100%        6
 Death Channel            Necr           2%         N/A       100%        6
 Eringya's Noxious Bog    Tmut/Pois      8%         4d6       100%        6
 Plasma Beam              Fire/Air       9%         2x1d19    100%        6
 Simulacrum               Ice/Necr       2%         N/A       100%        6
 Starburst                Conj/Fire      2%         6d3       100%        6
 Summon Cactus Giant      Summ           2%         N/A       100%        6
 Malign Gateway           Summ/Tloc      9%         N/A       100%        7
 Monstrous Menagerie      Summ           2%         N/A       100%        7
 Orb of Destruction       Conj           2%         9d5       100%        7
 Ozocubu's Refrigeration  Ice            2%         4d7       100%        7
 Summon Hydra             Summ           2%         N/A       100%        7
 Discord                  Hex            2%         N/A       100%        8
 Disjunction              Tloc           16%        N/A       100%        8
 Ignition                 Fire           2%         3d3       100%        8
 Summon Horrible Things   Summ           2%         N/A       100%        8
 Polar Vortex             Ice            2%         N/A       100%        9


Dungeon Overview and Level Annotations

Branches:
Dungeon (15/15)            Temple (1/1) D:4            Lair (5/5) D:11
  Swamp (4/4) Lair:3        Snake (4/4) Lair:3        Slime (0/5) Lair:4
    Orc (2/2) D:9             Elf (3/3) Orc:2        Vaults (4/5) D:13
  Crypt (3/3) Vaults:2       Tomb (0/3) Crypt:3      Depths (4/4) D:15
    Zot (5/5) Depths:4

Altars:
Ashenzari
Cheibriados
Dithmenos
Elyvilon
Fedhas
Gozag
Hepliaklqana
Kikubaaqudgha
Makhleb
Nemelex Xobeh
Okawaru
Qazlal
Ru
Sif Muna
Trog
Uskayaw
Vehumet
Wu Jian
Xom
Yredelemnul
Zin
The Shining One

Shops:
D:4 ?   D:12 :?[   Orc:2 !!*=   Elf:1 :   Elf:2 (   Elf:3 ?=:[*   Snake:1 =:=
Snake:2 **(:   Snake:4 =   Vaults:2 !   Vaults:4 :   Depths:2 :*

Portals:
Hell: Depths:1 Depths:2 Depths:3 Depths:4
Abyss: D:13 Depths:1 Depths:3
Pandemonium: Depths:1 Depths:2
Ziggurat: Depths:2

Annotations:
D:5 Tree Vault?
D:10 exclusion: downstairs
D:12 exclusion: downstairs
Zot:3 2 transporters


Innate Abilities, Weirdness & Mutations

You have razor-sharp teeth.
Your natural rate of healing is unusually fast.
When hurt, damage is shared between your health and your magic reserves.
Your bite disrupts and absorbs the magic of your enemies.
Potions cannot restore your health.
You are frail. (-10% HP)
Your muscles are very strong. (Str +8, Int/Dex -2)


Message History

You block the rust devil's attack.
There is a stone staircase leading up here.
You block the rust devil's attack.
You climb upwards.
There is a stone staircase leading down, spattered with blood here.
You closely miss the rust devil. You bite the rust devil! You drain its power.
The rust devil is severely wounded.
You block the rust devil's attack.
You slice the rust devil!! You freeze the rust devil.
You kill the rust devil!
Things that are here:
a +0 robe; a +0 war axe What level of the Dungeon? (default 1, ? - help)
A Hell Sentinel comes into view.
The Hell Sentinel roars!
The Hell Sentinel gestures at you.
The sphere of damnation explodes!
The damnation engulfs you!! The Hell Sentinel gestures at you.
The sphere of damnation explodes!
The damnation engulfs you!! The Hell Sentinel gestures at you.
The sphere of damnation explodes!
The damnation engulfs you! The Hell Sentinel gestures at you.
The sphere of damnation explodes!
The damnation engulfs you!!!
A neqoxec comes into view.
The neqoxec shouts!
The neqoxec gestures at you.
Something tries to feed on your intellect!
There is a stone staircase leading up here.
The neqoxec gestures at you.
You feel dopey. Something feeds on your intellect!
You climb upwards.
Level annotation: Tree Vault?
There is a stone staircase leading down here.
What level of the Dungeon? (default 1, ? - help)
There is a stone staircase leading up here.
You climb upwards.
There is a stone staircase leading down here.
You see here a +0 robe.
There is a stone staircase leading up here.
You climb upwards.
There is a stone staircase leading down here.
There is an open door here.
Magic restored.
You open the door.
There is an open door here.
There is a stone staircase leading up here.
You climb upwards.
There is a stone staircase leading down here.
Things that are here:
a +0 dagger; a +0 sling
Things that are here:
a +0 club; a +0 sling
There is a stone staircase leading up here.
You climb upwards.
HP restored.
There is a stone staircase leading down here.
A Tzitzimitl comes into view.
The Tzitzimitl roars!
The Tzitzimitl gestures at you. The bolt of negative energy hits you!!!
You feel drained.
Casting: Lesser Beckoning (safe; 4% risk of failure)
Confirm with . or Enter, or press ? or * to list all spells.
Charge where?
Press: ? - help, Dir - move target, f - Tzitzimitl
Aim: a Tzitzimitl (80% to hit)
You charge forward with an electric crackle!
You hit the Tzitzimitl but do no damage.
You bite the Tzitzimitl!
The Tzitzimitl's magic leaks into the air.
You drain its magic.
You feel invigorated.
The Tzitzimitl is lightly wounded.
You block the Tzitzimitl's attack. The Tzitzimitl completely misses you.
You miss the Tzitzimitl. You bite the Tzitzimitl!
The Tzitzimitl's magic leaks into the air.
You drain its magic.
The Tzitzimitl is moderately wounded.
You miss the Tzitzimitl. You bite the Tzitzimitl.
The Tzitzimitl's magic leaks into the air.
You drain its magic.
The Tzitzimitl is moderately wounded.
You block the Tzitzimitl's attack. The Tzitzimitl closely misses you.
You slice the Tzitzimitl!! You bite the Tzitzimitl.
The Tzitzimitl's magic leaks into the air.
You drain its magic.
The Tzitzimitl is heavily wounded.
The Tzitzimitl engulfs you. You block the Tzitzimitl's attack.
You can now pass through a line of other dancers.
You hit the Tzitzimitl but do no damage.
You bite the Tzitzimitl!
The Tzitzimitl's magic leaks into the air.
You drain its magic.
You feel invigorated.
The Tzitzimitl is severely wounded.
You slice the Tzitzimitl!! You freeze the Tzitzimitl. You bite the Tzitzimitl.
You kill the Tzitzimitl!
You can no longer pass through a line of other dancers.
There is an open door here.
An Orb Guardian comes into view.
There is an open door here.
There is a staircase leading out of the dungeon here.
You have escaped!

###....# ########..#.##.#####
....##.# ###.....###....#.# #.
######.#####.........##.....# #.
### #....'.....8.....'^..#.# #.
..# #######.........###.##.# #.
#.# #..###...X.###......# #.
#.#######.#..###'### ##...######.
#.......#...##.....## #........#.
........##>.#...@...###...####.##
#.......##.###.....##..........##
)..........# #######.............
#.......##.####..##............##
........##.......######...####.##
#.......######...# #........##
##########.......# #...#######
#.###...# ####...# #
#.#########.....##### #


You could see an Orb Guardian.

Vanquished Creatures
  5 dread liches
  3 ancient liches
  6 orbs of fire (Zot:5)
  Mara (Depths:2)
  Sojobo (Depths:1)
  9 Killer Klowns
  A pandemonium lord (D:13)
  3 curse toes
  Vv (Depths:2)
  Saint Roka (Elf:3)
  Margery (Crypt:2)
  4 profane servitors
  A pearl dragon (Abyss:2)
  6 golden dragons
  Nikola (Snake:1)
  Norris (Depths:2)
  8 bone dragons
  4 electric golems
  A Tzitzimitl (D:1)
  18 tentacled monstrosities
  Zenata (Crypt:1)
  A hellephant (Depths:4)
  2 Hell Sentinels (Abyss:2)
  Mlioglotl (Snake:3)
  3 liches
  A shard shrike skeleton (Crypt:1)
  Asterion (Elf:3)
  2 deep elf blademasters (Elf:3)
  2 deep elf master archers (Elf:3)
  29 Orb Guardians
  8 quicksilver dragons
  11 ancient champions
  4 sphinxes
  17 tentacled starspawn
  An Executioner (Abyss:2)
  8 tengu reavers
  10 death cobs
  Kirke (D:15)
  Agnes (Snake:1)
  Donald (Snake:1)
  10 storm dragons
  15 nagarajas
  14 shadow dragons
  2 draconian monks
  Aizul (Snake:1)
  3 revenants
  3 frost giants
  6 fire giants
  12 vault wardens
  7 draconian knights
  3 iron dragons
  4 ghost moths
  4 deep elf sorcerers
  Louise (D:15)
  A draconian scorcher (Zot:5)
  A balrug (Abyss:2)
  2 caustic shrike zombies
  5 curse skulls
  3 cacodemons
  5 deep elf elementalists
  An orc warlord (Vaults:4)
  5 draconian stormcallers
  7 draconian shifters
  A juggernaut zombie (Crypt:2)
  10 ghouls
  A quicksilver ooze (Vaults:2)
  A juggernaut skeleton (Crypt:3)
  6 stone giants
  6 draconian annihilators
  A formless jellyfish (Vaults:1)
  12 ironbound preservers
  A caustic shrike skeleton (Crypt:1)
  4 spriggan defenders (Depths:2)
  8 ironbound thunderhulks
  16 very ugly things
  4 angels (Zot:2)
  9 vampire knights
  13 green draconians
  8 deep elf demonologists
  Nessos (D:13)
  8 black draconians
  5 purple draconians
  7 yellow draconians
  8 white draconians
  4 deep elf annihilators (Elf:3)
  4 eleionomae
  15 dire elephants
  A lorocyproca (Abyss:2)
  10 red draconians
  6 spark wasps
  6 bunyips
  Snorg (Orc:1)
  4 green deaths
  2 eidola
  A merfolk javelineer (Abyss:3)
  13 deep elf death magi
  7 ettins
  Josephine (Lair:5)
  2 entropy weavers
  13 yaktaur captains
  15 jiangshi
  The ghost of justen the Mimic, a journeyman TrSh of Trog (D:11)
  4 deep elf high priests
  5 fire dragons
  14 great orbs of eyes
  9 ice dragons
  A spriggan zombie (Crypt:3)
  6 rakshasas
  A spriggan air mage (Depths:4)
  5 spriggan skeletons
  18 hydras
  12 alligators
  2 quicksilver dragon skeletons
  13 ironbound frosthearts
  2 salamander tyrants (Snake:4)
  10 vault guards
  3 ghost crabs
  3 ogre magi (D:15)
  2 sphinx zombies
  4 catoblepae
  12 centaur warriors
  Erica (Orc:1)
  2 anacondas
  The ghost of RepHenryClay the Nimble, a journeyman DEHW of Sif Muna (D:13)
  29 dancing weapons
  An alligator (shapeshifter) (Depths:4)
  12 boulder beetles
  7 vampire magi
  2 death knights (D:15)
  7 two-headed ogres
  A satyr (Abyss:3)
  6 death yaks (Lair:5)
  9 tengu warriors
  15 naga warriors
  A titan zombie (Depths:4)
  11 deep troll shamans
  17 thrashing horrors
  9 deep troll earth magi
  7 hell knights
  11 naga sharpshooters
  5 shock serpents
  12 hell hogs
  8 soul eaters
  4 spriggan berserkers
  3 orc high priests (Orc:2)
  22 deep elf knights
  14 iron trolls
  Nergalle (Lair:2)
  A fire crab (D:15)
  3 salamander mystics (Snake:4)
  10 wretched stars
  2 goliath frogs (Swamp:1)
  A titan skeleton (Abyss:2)
  22 skeletal warriors
  A death drake (shapeshifter) (D:15)
  A golden dragon zombie (Depths:4)
  8 shadow wraiths
  7 skysharks
  5 sixfirhies (Abyss:2)
  2 sea snakes (Snake:3)
  52 deep trolls
  A shadow demon (Abyss:3)
  5 spriggan druids
  10 naga ritualists
  Lodul (D:13)
  10 glowing orange brains
  5 swamp dragons
  13 deep elf archers
  16 ironbound convokers
  8 phantasmal warriors
  5 lindwurms
  A shadow dragon zombie (Depths:4)
  9 wizards
  19 deep elf zephyrmancers
  5 harpies
  5 flayed ghosts
  3 necromancers
  11 orc knights
  13 bog bodies
  A wolf spider (D:15)
  An iron dragon zombie (Crypt:1)
  30 deep elf pyromancers
  6 oklob plants (Zot:4)
  3 mana vipers
  30 ugly things
  7 worldbinders
  26 moths of wrath
  7 orc sorcerers
  2 will-o-the-wisps
  8 salamanders
  16 cyclopes
  A human zombie (Crypt:3)
  Maurice (D:11)
  A goliath frog skeleton (Crypt:3)
  2 stone giant skeletons (Crypt:1)
  4 manticores
  33 black mambas
  2 rust devils
  4 guardian serpents
  A salamander (shapeshifter) (Vaults:4)
  12 elephants
  13 smoke demons
  13 cane toads
  A green draconian zombie (Crypt:2)
  8 spectral spriggans (Swamp:1)
  8 apocalypse crabs
  22 vault sentinels
  20 naga magi
  A torpor snail (Lair:3)
  12 orange demons
  A gargoyle (D:10)
  A minotaur zombie (Crypt:3)
  An orb spider zombie (Crypt:2)
  9 kobold demonologists
  An unseen horror (D:12)
  32 yaktaurs
  A bunyip simulacrum (Crypt:3)
  4 rime drakes
  6 tengu conjurers
  8 komodo dragons
  3 efreet
  5 ice devils
  14 ancient zymes
  4 freezing wraiths
  An anaconda simulacrum (Abyss:2)
  5 red devils
  9 tyrant leeches
  7 trolls
  A bloated husk (Swamp:1)
  2 hellwings (Abyss:2)
  25 large abominations
  15 hornets
  A hornet (shapeshifter) (Abyss:2)
  A hydra skeleton (Abyss:2)
  A harpy skeleton (Crypt:3)
  12 raiju (Abyss:2)
  10 dream sheep
  11 blink frogs
  A meliai zombie (Crypt:1)
  58 slime creatures
  3 air elementals
  A guardian serpent skeleton (Crypt:2)
  2 shadows
  6 water elementals
  A centaur simulacrum (Abyss:2)
  22 flying skulls
  10 wraiths
  7 ynoxinuls
  2 fire bats (Abyss:2)
  47 yaks
  15 spriggans
  6 wyverns
  3 vampires
  20 humans
  14 chaos spawn
  38 starcursed masses
  5 basilisks
  5 redbacks
  2 steam dragons
  2 fire elementals
  4 golden eyes (Abyss:2)
  A redback (shapeshifter) (D:15)
  15 vampire mosquitoes
  5 neqoxecs (Abyss:2)
  18 wargs
  56 nagas
  A naga (shapeshifter) (Elf:1)
  A faun zombie (Crypt:3)
  Edmund (D:5)
  13 swamp worms
  A water moccasin (shapeshifter) (D:13)
  A two-headed ogre skeleton (Crypt:1)
  11 water moccasins
  A floating eye (Depths:4)
  4 black bears
  An ice beast (D:7)
  An ice dragon simulacrum (Crypt:3)
  A sky beast (D:8)
  36 orc warriors
  2 ogres
  2 boggarts
  10 wolves (Lair:5)
  4 centaurs
  An elephant skeleton (Crypt:2)
  A rime drake zombie (Crypt:2)
  16 kobold brigands
  13 bullfrogs
  5 earth elementals (Elf:1)
  3 gnoll sergeants
  A necrophage (Swamp:4)
  A salamander skeleton (Crypt:3)
  A wyvern skeleton (Crypt:1)
  7 scorpions
  29 small abominations
  4 wights
  14 killer bees
  12 howler monkeys
  A crimson imp (Abyss:2)
  4 electric eels
  2 jellies
  6 quasits (Abyss:2)
  9 iron imps (Abyss:2)
  8 gnoll boudas
  22 orc priests
  Crazy Yiuf (D:7)
  A hound (D:6)
  A sleepcap (D:6)
  A basilisk skeleton (Crypt:3)
  A scorpion zombie (Crypt:3)
  Ijyb (D:5)
  An iguana (D:5)
  30 orc wizards
  A black bear skeleton (Crypt:2)
  4 polar bear simulacra (D:10)
  A wolf simulacrum (D:10)
  3 yak simulacra (D:10)
  3 lightning spires (Zot:4)
  Robin (D:2)
  20 gnolls
  5 adders
  A steam dragon skeleton (Crypt:1)
  A shadow imp (Abyss:2)
  3 white imps (Abyss:2)
  4 ufetubi (Abyss:2)
  A worm (D:5)
  A dart slug (D:3)
  58 orcs
  5 ball pythons
  7 endoplasms
  5 giant cockroaches
  10 goblins
  15 hobgoblins
  11 jackals
  17 kobolds
  A quokka (D:1)
  A river rat zombie (Crypt:3)
  A bat (D:2)
  2 frilled lizards (D:1)
  A gnoll skeleton (Crypt:2)
  2 goblin zombies (Crypt:1)
  A hobgoblin skeleton (Crypt:2)
  A hobgoblin zombie (Crypt:3)
  2 rats (D:1)
  3 river rat simulacra (D:10)
  3 butterflies (Zot:2)
  A lurking horror (Abyss:3)
  8 starspawn tentacles
2479 creatures vanquished.

Vanquished Creatures (collateral kills)
  An Orb Guardian (Zot:5)
  2 vampire knights (Depths:4)
  An anaconda (Snake:3)
  A skeletal warrior (Depths:4)
  A necromancer (Depths:4)
  A mana viper (Snake:3)
  A black mamba (Snake:3)
8 creatures vanquished.

Vanquished Creatures (others)
  A naga sharpshooter (Snake:4)
  A deep elf knight (Elf:1)
  A mana viper (Snake:1)
  A spectral spriggan (Swamp:1)
  3 bloated husks (Swamp:1)
  A ynoxinul (Abyss:2)
  3 humans (D:15)
  A vampire mosquito (Swamp:1)
  2 small abominations (Abyss:2)
  2 orc wizards
  2 orcs (Elf:1)
  8 foxfires
  24 starspawn tentacles
50 creatures vanquished.

Grand Total: 2537 creatures vanquished

Notes
Turn   | Place    | Note
-------+----------+-------------------------------------------
     0 | D:1      | GloriousHammer the Vine Stalker Brigand began the quest for
                  | the Orb.
     0 | D:1      | Reached XP level 1. HP: 11/11 MP: 2/2
    83 | D:1      | Reached skill level 5 in Stealth
    95 | D:1      | Reached XP level 2. HP: 15/15 MP: 3/3
   377 | D:1      | Reached XP level 3. HP: 18/18 MP: 4/4
  1178 | D:2      | Found an ornate altar of the Wu Jian Council.
  1433 | D:2      | Gained mutation: Your natural rate of healing is unusually
                  | fast. [Vine Stalker growth]
  1433 | D:2      | Reached XP level 4. HP: 17/23 MP: 5/5
  1529 | D:2      | Noticed Robin
  1665 | D:2      | Killed Robin
  1995 | D:3      | Found a stormy altar of Qazlal.
  2342 | D:3      | Reached XP level 5. HP: 26/26 MP: 6/6
  2805 | D:4      | Found a staircase to the Ecumenical Temple.
  2847 | Temple   | Entered the Ecumenical Temple
  3019 | D:4      | Found a basalt altar of Yredelemnul.
  3019 | D:4      | Found a radiant altar of Vehumet.
  3019 | D:4      | Found a hide-covered altar of Uskayaw.
  3023 | D:4      | Reached XP level 6. HP: 30/30 MP: 7/7
  3025 | D:4      | Found a sacrificial altar of Ru.
  3027 | D:4      | Became a worshipper of Uskayaw the Reveller
  3029 | D:4      | Found a snail-covered altar of Cheibriados.
  3034 | D:4      | Found an opulent altar of Gozag.
  3035 | D:4      | Found a glowing golden altar of the Shining One.
  3037 | D:4      | Found an ancient bone altar of Kikubaaqudgha.
  3047 | D:4      | Reached * piety under Uskayaw
  3082 | D:4      | Reached ** piety under Uskayaw
  3377 | D:4      | Found Ifag's Magic Scroll Shop.
  3387 | D:4      | Bought a scroll of identify for 20 gold pieces
  3542 | D:5      | Entered Level 5 of the Dungeon
  3544 | D:5      | Noticed Edmund
  3558 | D:5      | Reached skill level 5 in Short Blades
  3583 | D:5      | Noticed Ijyb
  3585 | D:5      | Killed Ijyb
  3586 | D:5      | Reached skill level 1 in Evocations
  3931 | D:5      | Reached XP level 7. HP: 31/34 MP: 8/8
  3941 | D:5      | Reached *** piety under Uskayaw
  3946 | D:5      | Reached **** piety under Uskayaw
  4278 | D:5      | Noticed a kobold demonologist
  4795 | D:5      | Gained mutation: You have razor-sharp teeth. [Vine Stalker
                  | growth]
  4795 | D:5      | Reached XP level 8. HP: 18/38 MP: 3/9
  5236 | D:6      | Reached ***** piety under Uskayaw
  5671 | D:7      | Noticed a dream sheep
  5671 | D:7      | Noticed a dream sheep
  5671 | D:7      | Noticed a dream sheep
  5703 | D:6      | Killed a dream sheep
  5704 | D:6      | Reached skill level 2 in Fighting
  5704 | D:6      | Reached skill level 1 in Dodging
  5704 | D:6      | Reached skill level 1 in Invocations
  5705 | D:6      | Killed a dream sheep
  5706 | D:6      | Reached skill level 1 in Armour
  5768 | D:7      | Killed a dream sheep
  5769 | D:7      | Reached XP level 9. HP: 43/43 MP: 11/11
  5908 | D:7      | Reached skill level 3 in Fighting
  6059 | D:7      | Found a shadowy altar of Dithmenos.
  6623 | D:7      | Found a runed translucent door.
  6624 | D:7      | Noticed Crazy Yiuf
  6637 | D:7      | Killed Crazy Yiuf
  7542 | D:8      | Reached XP level 10. HP: 49/49 MP: 13/13
  8066 | D:9      | Reached skill level 4 in Fighting
  8115 | D:9      | Noticed a two-headed ogre
  8152 | D:9      | Killed a two-headed ogre
  8218 | D:9      | Noticed a cyclops
  8281 | D:9      | Noticed a two-headed ogre
  8312 | D:9      | Killed a two-headed ogre
  8326 | D:9      | Noticed a two-headed ogre
  8358 | D:9      | Killed a two-headed ogre
  8359 | D:9      | Reached skill level 10 in Short Blades
  8542 | D:9      | Found a staircase to the Orcish Mines.
  8578 | D:9      | Noticed a cyclops
  9018 | D:9      | Noticed a two-headed ogre
  9029 | D:9      | Killed a two-headed ogre
  9030 | D:9      | Reached skill level 5 in Fighting
  9030 | D:9      | Reached skill level 5 in Invocations
  9128 | D:9      | Reached XP level 11. HP: 56/56 MP: 15/15
  9201 | D:9      | Reached skill level 5 in Armour
  9210 | D:9      | Reached ****** piety under Uskayaw
  9337 | D:9      | Noticed a sixfirhy
  9355 | D:9      | Killed a cyclops
  9373 | D:9      | Reached skill level 5 in Dodging
  9469 | D:9      | Noticed an orc knight
  9508 | D:9      | Killed an orc knight
  9509 | D:9      | Reached skill level 6 in Fighting
 10355 | D:9      | Killed a cyclops
 10608 | D:10     | Entered Level 10 of the Dungeon
 10632 | D:10     | Identified the +1 robe of Plog {-Tele rElec Will++ Str+2}
 10663 | D:10     | Noticed a two-headed ogre
 10681 | D:10     | Killed a two-headed ogre
 10682 | D:10     | Reached skill level 5 in Evocations
 11034 | D:10     | Reached XP level 12. HP: 62/62 MP: 18/18
 11275 | D:10     | Reached skill level 7 in Fighting
 11698 | D:4      | Bought a scroll of acquirement for 520 gold pieces
 11698 | D:4      | Acquired the amulet of the Centipede {RegenMP Slay+3}
 11706 | D:4      | Bought a scroll of blinking for 75 gold pieces
 11737 | D:5      | Killed Edmund
 11993 | D:11     | Noticed a boulder beetle
 12022 | D:11     | Noticed Maurice
 12023 | D:11     | Found a broken altar of Ashenzari.
 12028 | D:11     | Got the Commentary on Incendiary Geomancy
 12290 | D:11     | Killed Maurice
 12291 | D:11     | Reached skill level 1 in Shields
 12323 | D:11     | Noticed a two-headed ogre
 12390 | D:11     | Found a staircase to the Lair.
 12412 | Lair:1   | Entered Level 1 of the Lair of Beasts
 13131 | D:11     | Killed a boulder beetle
 13149 | D:11     | Killed a two-headed ogre
 13309 | D:4      | Bought a scroll of identify for 20 gold pieces
 13678 | Lair:2   | Noticed Nergalle
 13697 | Lair:2   | Killed Nergalle
 13698 | Lair:2   | Reached XP level 13. HP: 54/68 MP: 18/20
 13706 | Lair:2   | Reached skill level 5 in Shields
 13730 | Lair:2   | Reached skill level 8 in Fighting
 14385 | Lair:3   | Found a staircase to the Snake Pit.
 14633 | Lair:3   | Identified the +3 scale mail of the Centaur {rN+++ Str+4}
 15162 | Lair:3   | Found a staircase to the Swamp.
 15236 | Lair:3   | Reached skill level 9 in Fighting
 15713 | Lair:4   | Reached XP level 14. HP: 75/75 MP: 22/22
 15952 | Lair:4   | Found a staircase to the Slime Pits.
 16273 | Lair:5   | Entered Level 5 of the Lair of Beasts
 16356 | Lair:5   | Noticed Josephine
 16380 | Lair:5   | Killed Josephine
 16524 | Lair:5   | Reached skill level 10 in Invocations
 16927 | Lair:5   | Identified the staff of Parts Unknown {rF+ rC+ Int+4 Ice}
 17170 | Lair:5   | Reached skill level 10 in Fighting
 17595 | Orc:1    | Entered Level 1 of the Orcish Mines
 17811 | Orc:2    | Entered Level 2 of the Orcish Mines
 18395 | Orc:2    | Found a staircase to the Elven Halls.
 18607 | Orc:2    | Found Motaow's General Store.
 18779 | Orc:2    | Reached XP level 15. HP: 33/80 MP: 24/24
 18989 | Orc:2    | Gained mutation: You occasionally lose the ability to read
                  | scrolls when taking damage. [a neqoxec]
 19069 | Orc:2    | Found Goponnoe's Jewellery Boutique.
 19086 | Orc:2    | Found Oge Rywk's Distillery.
 19091 | Orc:2    | Found Vutseuqi's Distillery.
 19103 | Orc:2    | Bought a potion of haste for 140 gold pieces
 19103 | Orc:2    | Bought a potion of degeneration for 14 gold pieces
 19103 | Orc:2    | Bought a potion of enlightenment for 70 gold pieces
 19115 | Orc:2    | Bought a potion of cancellation for 112 gold pieces
 19115 | Orc:2    | Bought a potion of attraction for 42 gold pieces
 19115 | Orc:2    | Bought a potion of heal wounds for 70 gold pieces
 19185 | Orc:1    | Noticed Erica
 19192 | Orc:1    | Noticed Snorg
 19217 | Orc:1    | Killed Snorg
 19294 | Orc:1    | Killed Erica
 19838 | D:11     | Found a runed translucent gate.
 19839 | D:11     | Found a runed translucent gate.
 19839 | D:11     | Noticed justen's ghost (journeyman TrSh)
 19840 | D:11     | Found a runed translucent gate.
 20058 | Orc:2    | Bought the ring of Hymeonusa {rPois rF+ rCorr Dex+6} for
                  | 837 gold pieces
 20534 | D:11     | Killed justen's ghost
 20909 | D:12     | Found a transporter.
 20912 | D:12     | Found Zeitysch's Magic Scroll Emporium.
 20990 | D:12     | Found Quann's Book Shoppe.
 21063 | D:12     | Found a transporter.
 21124 | D:12     | Bought a scroll of identify for 32 gold pieces
 21124 | D:12     | Bought a scroll of identify for 32 gold pieces
 21124 | D:12     | Bought a scroll of identify for 32 gold pieces
 21127 | D:12     | Lost mutation: You occasionally lose the ability to read
                  | scrolls when taking damage. [potion of mutation]
 21127 | D:12     | Gained mutation: Your muscles are strong. (Str +4, Int/Dex
                  | -1) [potion of mutation]
 21127 | D:12     | Gained mutation: Your flesh is heat resistant. (rF+)
                  | [potion of mutation]
 21127 | D:12     | Gained mutation: Your muscles are very strong. (Str +8,
                  | Int/Dex -2) [potion of mutation]
 21315 | D:12     | Found Kumomui Zueb's Antique Armour Boutique.
 21431 | D:13     | Noticed Lodul
 21431 | D:13     | Noticed Nessos
 21431 | D:13     | Found a gate to the Vaults.
 21440 | D:13     | Killed Lodul
 21446 | D:13     | Killed Nessos
 21648 | D:13     | Found a transporter.
 21650 | D:13     | Found a one-way gate to the infinite horrors of the Abyss.
 21650 | D:13     | Noticed RepHenryClay's ghost (journeyman DEHW)
 22255 | D:13     | Reached skill level 10 in Armour
 22391 | D:13     | Found a transporter.
 22731 | D:13     | Reached skill level 11 in Fighting
 22760 | D:13     | Reached skill level 10 in Dodging
 22765 | D:13     | Killed RepHenryClay's ghost
 22895 | D:14     | Found a white marble altar of Elyvilon.
 23150 | D:14     | Reached XP level 16. HP: 83/87 MP: 25/25
 23963 | D:15     | Entered Level 15 of the Dungeon
 24221 | D:15     | Found a staircase to the Depths.
 24303 | D:15     | Found a glowing golden altar of the Shining One.
 24303 | D:15     | Found a snail-covered altar of Cheibriados.
 24304 | D:15     | Found a stormy altar of Qazlal.
 24495 | D:15     | Noticed Kirke
 24506 | D:15     | Killed Kirke
 24639 | D:15     | Noticed a tengu reaver
 24648 | D:15     | Killed a tengu reaver
 24718 | D:15     | Reached skill level 10 in Stealth
 24855 | D:15     | Reached skill level 12 in Fighting
 24857 | D:15     | Identified the ring of a Thousand Songs {Wiz rC- Str+5}
 24896 | D:15     | Noticed Louise
 24903 | D:15     | Killed Louise
 24904 | D:15     | Reached XP level 17. HP: 66/93 MP: 16/27
 25217 | D:15     | Got the Almanac of the Singularity and Bombardment
 25647 | Snake:1  | Entered Level 1 of the Snake Pit
 26044 | Snake:1  | Found Orazooz's Book Shop.
 26051 | Snake:1  | Noticed Aizul
 26063 | Snake:1  | Killed Aizul
 26141 | Snake:1  | Noticed Donald
 26149 | Snake:1  | Killed Donald
 26249 | Snake:1  | Noticed Nikola
 26260 | Snake:1  | Killed Nikola
 26522 | Snake:1  | Found Duruodd's Jewellery Shoppe.
 26522 | Snake:1  | Found Deicik Denyv's Book Shop.
 26523 | Snake:1  | Found Toakaublotz's Jewellery Shoppe.
 26574 | Snake:1  | Noticed Agnes
 26587 | Snake:1  | Killed Agnes
 26704 | Snake:1  | Bought Dovuf's Compendium of Movement for 330 gold pieces
 26707 | Snake:1  | Learned a level 2 spell: Lesser Beckoning
 26707 | Snake:1  | Upgraded the game from 0.31-a0-626-g8143ab4f1d to
                  | 0.31-a0-631-g285b096dc4
 26767 | Snake:2  | Found Agueshet's General Store.
 26957 | Snake:2  | Found Kumarif's Antique Weapon Shop.
 26974 | Snake:2  | Bought a scroll of identify for 32 gold pieces
 27024 | Snake:2  | Found Samuorph's General Store.
 27042 | Snake:2  | Bought a scroll of identify for 28 gold pieces
 27143 | Snake:2  | Reached skill level 1 in Spellcasting
 27143 | Snake:2  | Reached skill level 1 in Translocations
 27202 | Snake:2  | Found Asusit's Vocational Training.
 27334 | Snake:3  | Noticed Mlioglotl
 27351 | Snake:3  | Killed Mlioglotl
 27372 | Snake:3  | Learned a level 2 spell: Passwall
 27375 | Snake:3  | Learned a level 2 spell: Wereblood
 27379 | Snake:3  | Learned a level 3 spell: Swiftness
 27496 | Snake:3  | Reached skill level 1 in Transmutations
 28595 | Snake:4  | Entered Level 4 of the Snake Pit
 28604 | Snake:4  | Reached XP level 18. HP: 99/99 MP: 29/29
 28660 | Snake:4  | Found Imymmam's Jewellery Emporium.
 28744 | Snake:4  | Reached skill level 13 in Fighting
 29582 | Snake:4  | Learned a level 2 spell: Blink
 29904 | Snake:4  | Got a serpentine rune of Zot
 30672 | Swamp:1  | Entered Level 1 of the Swamp
 30756 | Swamp:1  | Reached skill level 5 in Spellcasting
 31082 | Swamp:1  | Reached skill level 5 in Translocations
 31216 | Swamp:1  | Reached skill level 5 in Transmutations
 31245 | Swamp:1  | Reached XP level 19. HP: 89/105 MP: 30/30
 33023 | Swamp:4  | Entered Level 4 of the Swamp
 33079 | Swamp:4  | Identified the +7 chain mail of Twilight {rF+}
 33727 | Swamp:4  | Identified the +1 cloak of the Stars {rN+}
 33929 | Swamp:4  | Noticed a tentacled monstrosity
 33942 | Swamp:4  | Killed a tentacled monstrosity
 33998 | Swamp:4  | Reached skill level 14 in Fighting
 34069 | Swamp:4  | Got a decaying rune of Zot
 34361 | Orc:2    | Bought a +4 ring of slaying for 1092 gold pieces
 34591 | D:13     | Upgraded the game from 0.31-a0-631-g285b096dc4 to
                  | 0.31-a0-632-g766dd24fdf
 34592 | Vaults:1 | Entered Level 1 of the Vaults
 34692 | Vaults:1 | Reached skill level 10 in Shields
 34827 | Vaults:1 | Reached XP level 20. HP: 103/111 MP: 28/31
 34830 | Vaults:1 | Paralysed by a formless jellyfish for 1 turns
 36450 | Vaults:2 | Found a runed translucent door.
 36712 | Vaults:2 | Found Ritrasyh's Distillery.
 36900 | Vaults:2 | Found a staircase to the Crypt.
 36900 | Vaults:2 | Found an ancient bone altar of Kikubaaqudgha.
 36900 | Vaults:2 | Found a basalt altar of Yredelemnul.
 37615 | Vaults:3 | Reached XP level 21. HP: 116/116 MP: 32/32
 38286 | Vaults:3 | Identified the +1 ring mail "Ucienapip" {Harm rF+ rC-
                  | Int+3}
 38801 | Vaults:4 | Found Plog's Book Boutique.
 39099 | Vaults:4 | Reached skill level 15 in Fighting
 40069 | D:12     | Bought a pitted chain mail for 332 gold pieces
 40069 | D:12     | Identified the +6 chain mail of Qasut {Dex+3} (You bought
                  | it in a shop on level 12 of the Dungeon)
 40237 | Elf:1    | Entered Level 1 of the Elven Halls
 40328 | Elf:1    | Reached skill level 1 in Air Magic
 40338 | Elf:1    | Reached XP level 22. HP: 122/122 MP: 34/34
 40970 | Elf:1    | Lost mutation: Your flesh is heat resistant. (rF+) [a
                  | cacodemon]
 41032 | Elf:1    | Found a runed translucent gate.
 41033 | Elf:1    | Found a runed translucent gate.
 41033 | Elf:1    | Found a runed translucent gate.
 41034 | Elf:1    | Found a runed translucent gate.
 41034 | Elf:1    | Found a runed translucent gate.
 41035 | Elf:1    | Found a runed translucent gate.
 41215 | Elf:1    | Found Fovvute's Book Shoppe.
 41830 | Elf:2    | Found Gotzap's Antique Weapon Shoppe.
 41972 | Elf:2    | Found a runed translucent gate.
 41974 | Elf:2    | Found a runed translucent gate.
 41979 | Elf:2    | Found a runed translucent gate.
 42535 | Elf:3    | Entered Level 3 of the Elven Halls
 42541 | Elf:3    | Noticed Saint Roka
 42542 | Elf:3    | Found Qiob's Book Boutique.
 42569 | Elf:3    | Killed Saint Roka
 42638 | Elf:3    | Found Valitoet's Magic Scroll Shoppe.
 42936 | Elf:3    | Found Huisux's Antique Armour Shoppe.
 42993 | Elf:3    | Found Vilymm's Jewellery Shoppe.
 43066 | Elf:3    | Identified the +5 kite shield of the Dragon {Will+ Int+3
                  | Dex-2}
 43066 | Elf:3    | Noticed Asterion
 43076 | Elf:3    | Killed Asterion
 43159 | Elf:3    | Found Vesiv's Assorted Antiques.
 43382 | Elf:3    | Identified the +11 flail of Okawaru, Shrinking {protect,
                  | rN+ Str+3}
 43519 | Elf:3    | Identified the +4 quarterstaff of the Sage {antimagic,
                  | +Blink Will- Int-4 Stlth+}
 43586 | Elf:3    | Reached skill level 5 in Air Magic
 43620 | Elf:3    | Identified the +9 flail "Nodd" {elec, Int+2}
 43711 | Elf:3    | Identified the staff of the Teaching Shark {Dex+3 Earth
                  | Poison}
 43717 | Elf:3    | Identified the ring "Doxiz" {Drain rN++ rCorr MP+9}
 43724 | Elf:3    | Reached XP level 23. HP: 128/128 MP: 37/37
 43726 | Elf:3    | Reached skill level 16 in Fighting
 43741 | Elf:3    | Identified the staff "Noesopso" {Fly rF+ rN+ Necro}
 43881 | Elf:3    | Identified the +8 long sword "Veob Qea" {spect, Str+3}
 43895 | Elf:3    | Identified the +0 cloak of Elyvilon's Pride {*Corrode +Inv
                  | rElec Str+4}
 43897 | Elf:3    | Identified the +8 rapier "Soesynnodo" {heavy, Stlth+}
 43908 | Elf:3    | Identified the +4 chain mail of Refuge {Harm rElec Int+2}
 43913 | Elf:3    | Identified the +4 long sword "Ylaluhuv" {heavy, Str+2 SInv}
 44206 | D:12     | Bought a book of Lightning for 408 gold pieces
 44210 | D:12     | Learned a level 3 spell: Vhi's Electric Charge
 44398 | Depths:1 | Entered Level 1 of the Depths
 44566 | Depths:1 | Found a one-way gate leading to the halls of Pandemonium.
 44689 | Depths:1 | Noticed Sojobo
 44717 | Depths:1 | Killed Sojobo
 45039 | Depths:1 | Found a gateway to Hell.
 45109 | Depths:1 | Found a glowing golden altar of the Shining One.
 45125 | Depths:1 | Reached skill level 15 in Armour
 45946 | Depths:2 | Found a one-way gateway to a ziggurat.
 46173 | Depths:2 | Reached skill level 15 in Dodging
 46279 | Depths:2 | Noticed Mara
 46301 | Depths:2 | Killed Mara
 46326 | Depths:2 | Found Ygaloif's Book Emporium.
 46328 | Depths:2 | Noticed Vv
 46347 | Depths:2 | Killed Vv
 46347 | Depths:2 | Noticed Norris
 46355 | Depths:2 | Killed Norris
 46356 | Depths:2 | Found a stormy altar of Qazlal.
 46401 | Depths:2 | Found Nita's General Store.
 47991 | Depths:4 | Entered Level 4 of the Depths
 48016 | Depths:4 | Reached skill level 15 in Invocations
 48016 | Depths:4 | Noticed a golden dragon
 48019 | Depths:4 | Reached XP level 24. HP: 75/135 MP: 33/37
 48028 | Depths:4 | Found a gate to the Realm of Zot.
 48348 | Depths:4 | Acquired a manual of Fighting
 48764 | Orc:2    | Bought the ring of the Death Scarab {rElec MP+9 Dex+6 SInv
                  | Stlth-} for 1003 gold pieces
 49629 | Depths:4 | Noticed a dread lich
 49650 | Depths:4 | Killed a dread lich
 49652 | Depths:4 | Reached skill level 17 in Fighting
 49818 | Depths:4 | Got the Papyrus of Debased Words
 49961 | Depths:4 | Paralysed by a floating eye for 3 turns
 51348 | Crypt:1  | Entered Level 1 of the Crypt
 52065 | Crypt:1  | Noticed Zenata
 52223 | Abyss:2  | Cast into level 2 of the Abyss (+1 glaive of distortion)
 52584 | Crypt:1  | Escaped the Abyss
 52604 | Crypt:1  | Killed Zenata
 52797 | Crypt:2  | Found an ancient bone altar of Kikubaaqudgha.
 53040 | Crypt:2  | Noticed Margery
 53056 | Crypt:2  | Killed Margery
 53088 | Crypt:2  | Reached XP level 25. HP: 122/142 MP: 37/37
 53110 | Crypt:2  | Reached skill level 18 in Fighting
 53692 | Crypt:3  | Entered Level 3 of the Crypt
 53900 | Crypt:3  | Found a staircase to the Tomb.
 54201 | Crypt:3  | Reached skill level 10 in Translocations
 54201 | Crypt:3  | Reached skill level 10 in Air Magic
 54202 | Crypt:3  | Reached skill level 10 in Transmutations
 54417 | Crypt:3  | Found a basalt altar of Yredelemnul.
 54417 | Crypt:3  | Found an ancient bone altar of Kikubaaqudgha.
 54509 | Crypt:3  | Identified the +9 plate armour of Kimav {Int+4}
 54533 | Crypt:3  | Got the Folio of Arson
 54541 | Crypt:3  | Identified the +9 quarterstaff of the Fox {flame, rC+
                  | Dex+5}
 55599 | Elf:2    | Bought a masterwork dagger for 252 gold pieces
 55599 | Elf:2    | Identified the +7 dagger of Tumult {holy, rC+} (You bought
                  | it in a shop on level 2 of the Elven Halls)
 55599 | Elf:2    | Upgraded the game from 0.31-a0-632-g766dd24fdf to
                  | 0.31-a0-636-ge1c0e020e0
 56773 | D:13     | Voluntarily entered the Abyss.
 56913 | Abyss:2  | Reached skill level 1 in Long Blades
 56914 | Abyss:2  | Reached skill level 19 in Fighting
 57681 | Abyss:2  | Noticed a dread lich
 57714 | Abyss:2  | Killed a dread lich
 57877 | Abyss:2  | Found a corrupted altar of Lugonu.
 57990 | Abyss:2  | Reached skill level 5 in Long Blades
 57999 | Abyss:2  | Reached XP level 26. HP: 151/151 MP: 37/37
 58012 | Abyss:2  | Found a corrupted altar of Lugonu.
 58020 | Abyss:2  | Paralysed by you for 3 turns
 58766 | Abyss:2  | Found a corrupted altar of Lugonu.
 58972 | Abyss:2  | Found a corrupted altar of Lugonu.
 59117 | Abyss:2  | Paralysed by an air elemental for 1 turns
 59307 | Abyss:2  | Found a corrupted altar of Lugonu.
 59318 | Abyss:2  | Found a corrupted altar of Lugonu.
 59318 | Abyss:2  | Found a corrupted altar of Lugonu.
 59415 | Abyss:2  | Found a corrupted altar of Lugonu.
 59698 | Abyss:3  | Reached skill level 20 in Fighting
 59727 | Abyss:3  | Got an abyssal rune of Zot
 59818 | D:13     | Escaped the Abyss
 60314 | D:12     | Bought a scroll of enchant armour for 120 gold pieces
 60603 | Zot:1    | Entered Level 1 of the Realm of Zot
 61123 | Zot:1    | Reached skill level 10 in Long Blades
 61377 | Zot:1    | Identified the +0 helmet of Ufunaimus {rElec rF- rN++}
 61648 | Zot:1    | Identified the ring of Freedom {Fire *Corrode rElec Int+3
                  | Dex+3}
 62349 | Zot:2    | Identified the +4 trident of Peril {flame, Dex+2}
 62424 | Zot:2    | Noticed a Killer Klown
 62449 | Zot:2    | Killed a Killer Klown
 62450 | Zot:2    | Reached XP level 27. HP: 156/156 MP: 37/37
 62466 | Zot:2    | Found a shimmering altar of Xom.
 62467 | Zot:2    | Found a shimmering altar of Xom.
 62467 | Zot:2    | Found a shimmering altar of Xom.
 62467 | Zot:2    | Found a shimmering altar of Xom.
 62467 | Zot:2    | Found a shimmering altar of Xom.
 62467 | Zot:2    | Found a shimmering altar of Xom.
 62467 | Zot:2    | Found a glowing silver altar of Zin.
 62467 | Zot:2    | Found a shimmering altar of Xom.
 62468 | Zot:2    | Found a shimmering altar of Xom.
 62468 | Zot:2    | Found a shimmering altar of Xom.
 62614 | Zot:2    | You fall into a shaft and drop 2 floors!
 62834 | Zot:3    | Found a transporter.
 63264 | Zot:3    | Found the brooch of Shielding {Spirit SH+8}
 63925 | Zot:3    | Found a transporter.
 64262 | Zot:3    | Noticed an orb of fire
 64545 | Zot:2    | Identified the +0 chain mail of Juro {rC+ Int+3 Dex+8}
 65322 | D:4      | Bought a scroll of blinking for 75 gold pieces
 65485 | D:12     | Bought a scroll of blinking for 120 gold pieces
 65649 | Snake:2  | Bought a manual of Evocations for 1040 gold pieces
 66103 | Zot:4    | Found a huge runed gate.
 66103 | Zot:4    | Found a huge runed gate.
 66103 | Zot:4    | Found a huge runed gate.
 66103 | Zot:4    | Found a huge runed gate.
 66103 | Zot:4    | Found a huge runed gate.
 66103 | Zot:4    | Found a huge runed gate.
 66107 | Zot:4    | Found a huge runed gate.
 66107 | Zot:4    | Found a huge runed gate.
 66108 | Zot:4    | Found a huge runed gate.
 66109 | Zot:4    | Found a huge runed gate.
 66118 | Zot:4    | Found a huge runed gate.
 66118 | Zot:4    | Found a huge runed gate.
 66118 | Zot:4    | Found a huge runed gate.
 66118 | Zot:4    | Found a huge runed gate.
 66118 | Zot:4    | Found a huge runed gate.
 66312 | Zot:4    | Found a huge runed gate.
 66313 | Zot:4    | Found a huge runed gate.
 66314 | Zot:4    | Found a huge runed gate.
 66315 | Zot:4    | Found a huge runed gate.
 66320 | Zot:4    | Found a huge runed gate.
 66320 | Zot:4    | Found a huge runed gate.
 66320 | Zot:4    | Found a huge runed gate.
 66320 | Zot:4    | Found a huge runed gate.
 66320 | Zot:4    | Found a huge runed gate.
 66320 | Zot:4    | Found a huge runed gate.
 66321 | Zot:4    | Found a huge runed gate.
 66333 | Zot:4    | Found a huge runed gate.
 66334 | Zot:4    | Found a huge runed gate.
 66342 | Zot:4    | Found a huge runed gate.
 66342 | Zot:4    | Found a huge runed gate.
 66342 | Zot:4    | Found a huge runed gate.
 66342 | Zot:4    | Found a huge runed gate.
 66342 | Zot:4    | Found a huge runed gate.
 66345 | Zot:4    | Found a huge runed gate.
 67027 | Zot:4    | Found a huge runed gate.
 67028 | Zot:4    | Found a huge runed gate.
 67041 | Zot:4    | Found the +3 Elemental Staff {ele, rElec rF+ rC+ AC+3}
 67041 | Zot:4    | Noticed a dread lich
 67041 | Zot:4    | Noticed an ancient lich
 67304 | Zot:4    | Killed a dread lich
 67871 | Zot:4    | Killed an ancient lich
 68001 | Zot:5    | Entered Level 5 of the Realm of Zot
 68369 | Zot:5    | Reached skill level 10 in Evocations
 68687 | Zot:5    | Reached skill level 21 in Fighting
 68717 | Zot:5    | Noticed an ancient lich
 68731 | Zot:5    | Killed an ancient lich
 68766 | Zot:5    | Noticed an orb of fire
 68768 | Zot:5    | Noticed an orb of fire
 68770 | Zot:5    | Noticed an ancient lich
 68779 | Zot:5    | Killed an orb of fire
 68783 | Zot:5    | Killed an ancient lich
 68783 | Zot:5    | Killed an orb of fire
 68827 | Zot:5    | Noticed an orb of fire
 68840 | Zot:5    | Killed an orb of fire
 68841 | Zot:5    | Noticed a dread lich
 68850 | Zot:5    | Killed a dread lich
 69225 | Zot:5    | Noticed an orb of fire
 69240 | Zot:5    | Gained mutation: You are frail. (-10% HP) [an orb of fire]
 69248 | Zot:5    | Killed an orb of fire
 69263 | Zot:5    | Noticed an orb of fire
 69266 | Zot:5    | Reached skill level 22 in Fighting
 69272 | Zot:5    | Killed an orb of fire
 69274 | Zot:5    | Noticed an orb of fire
 69281 | Zot:5    | Killed an orb of fire
 69281 | Zot:5    | Noticed a dread lich
 70022 | Zot:5    | Killed a dread lich
 70243 | Zot:5    | Got the Orb of Zot
 70453 | D:13     | Noticed Ywaz the pandemonium lord
 70466 | D:13     | Killed Ywaz the pandemonium lord
 70713 | D:$      | Escaped with the Orb!

Illustrated notes

Levels and vault maps discovered:
D:1:      minmay_arrival_shattered_statue, layout_loops_cross,
          wad_floor_pattern_1
D:2:      layout_rooms, basic_altar, uniq_robin
D:3:      layout_basic, lemuel_round_altar, nicolae_hexahallways, st_stairs_8
D:4:      layout_rooms, nicolae_overflow_hallway_of_the_gods,
          minmay_temple_entry_grid, serial_shops,
          nicolae_shop_temple_entry_statues_fountains
D:5:      kennysheep_big_flooded_room, layout_loops_ring, abandoned_shop,
          serial_park_tiny_pond, uniq_ijyb, uniq_edmund
D:6:      layout_cave_pools, serial_bayou_ford_a, hangedman_decor_peaks_small
D:7:      layout_layer_cave, mainiacjoe_overflow_chevrons, eino_tiny_chamber,
          dreamdust_gnoll_shepherd, uniq_crazy_yiuf_cottage
D:8:      layout_cave_pods, minmay_misc_feat_more_columns, minmay_door_square,
          abandoned_shop
D:9:      lemuel_castle_with_subvaults [lemuel_castle_interior_carwin_2],
          layout_stronghold, orc_0_dummy, serial_rivers,
          chequers_serial_rivers_micro_b, chequers_serial_rivers_micro_d,
          chequers_serial_rivers_large_b, chequers_serial_rivers_micro_a
D:10:     layout_roguey, eino_house_with_fridge
D:11:     layout_basic, erik_lair_orcish_takeover,
          gammafunk_ghost_nasty_kobolds, nicolae_ashenzari_skybound,
          uniq_maurice
D:12:     layout_rooms, serial_shops, shop_coins, nicolae_shop_drivethru,
          nicolae_book_shop_shelving, lemuel_flame_loot_1
D:13:     layout_basic, david_vaults_3, gammafunk_ghost_abyssal_escape,
          serial_demonic, serial_demonic_a, serial_demonic_g, serial_demonic_b,
          serial_demonic_a
D:14:     layout_layer_cave, palyth_stone_intersect, elyvilon_altar_1
D:15:     hangedman_slaughterboxes, uniq_louise, uniq_kirke
Temple:   nicolae_temple_x_marks_the_god
Lair:1:   layout_gridlike
Lair:2:   layout_chaotic_city, serial_forest, infiniplex_forest_clump_tiny,
          infiniplex_forest_clump_diagonal, infiniplex_forest_clump_C,
          infiniplex_forest_join, infiniplex_forest_lined_room_,
          infiniplex_forest_clump_small, infiniplex_forest_lined_2,
          infiniplex_forest_lined_1, chequers_serial_rivers_micro_c,
          st_stairs_4, uniq_nergalle
Lair:3:   layout_layer_cave, minmay_swamp_entry_worms,
          minmay_snake_entry_guardpost_large, grunt_megastairs_2
Lair:4:   layout_roguey, slime_entry_1, serial_bayou_shore_b
Lair:5:   grunt_lair_end_beastmaster, layout_misc_corridors, uniq_josephine
Swamp:1:  nicolae_swamp_flooded_prison, layout_falls_marsh,
          evilmike_swamp_ruin_house_1
Swamp:2:  layout_falls_marsh, nicolae_swamp_tree_isthmus,
          infiniplex_staircase_pool
Swamp:3:  layout_basic_swamp, nicolae_swamp_oxbows
Swamp:4:  swamp_vile, layout_basic_swamp
Snake:1:  layout_gridlike, serial_shops, nicolae_shop_gibbet_a_chance,
          minmay_shop_grove, uniq_nikola, uniq_agnes, uniq_donald, uniq_aizul
Snake:2:  layout_rooms, special_room, serial_shops, shop,
          nicolae_shop_vocational, minmay_shoptagon
Snake:3:  layout_cave_town, guppyfry_library_mini, serial_bayou_shore_a,
          lemuel_fruit_tree, uniq_mlioglotl
Snake:4:  grunt_snake_rune_spirals, layout_onion, serial_shops,
          nicolae_shop_tiny_waterfront, grunt_ministairs_1,
          nicolae_snake_lava_pool, serial_bayou_shore_b
Orc:1:    layout_caves, uniq_erica, uniq_snorg
Orc:2:    st_orc_elflike, layout_diamond_mine
Elf:1:    eino_elf_arrival_the_gate, layout_rooms, serial_shops,
          nicolae_shop_real_fake_doors, orc_legates, roderic_roman_lattice,
          hangedman_elven_crosses_minicolossus
Elf:2:    nicolae_elf_blades_splatter_lattice
          [nicolae_vaults_blade_armed_guards], layout_loops_cross, serial_shops,
          shop
Elf:3:    elf_hall_gauntlet_wide, layout_onion_city, serial_shops,
          nicolae_shop_tiny_real_fake_doors, shop, nicolae_shop_rolling_square,
          nicolae_shop_trees, shop, uniq_saint_roka, uniq_asterion
Vaults:1: nicolae_vaults_little_ls, nicolae_vaults_network_periphery,
          ontoclasm_vaults_ligature, nicolae_vaults_tetromino_L_1,
          nicolae_vaults_swerve, nicolae_vaults_apartment_1,
          hangedman_vaults_slither, nicolae_vaults_doubleplus_tesselated,
          nicolae_vaults_alarming, nicolae_vaults_heart-shaped_vault,
          nicolae_vaults_trapezoid_lopsided_3, nicolae_vaults_closet_pinwheel_4,
          layout_vaults_big_cross
Vaults:2: nicolae_vaults_trapezoid_3, hangedman_vaults_maws, v_misc_23,
          nicolae_vaults_asterisk, minmay_crypt_entry_necro_gods, v_misc_19,
          ontoclasm_vaults_claustrophobia, v_alt_pattern_5,
          nicolae_vaults_oval_intersection, nicolae_vaults_oozy_zoo,
          nicolae_vaults_three_branches, vaults_room_hallway,
          nicolae_vaults_tetromino_L_2, nicolae_vaults_double_plus_1,
          layout_vaults_chaotic_city, serial_shops, nicolae_diamond_shop
Vaults:3: hangedman_vaults_impose, vaults_room_corners, st_quartered_hall,
          v_alt_pattern_6, v_pattern_4, nicolae_vaults_tetromino_T_1, v_misc_18,
          layout_vaults_omnigrid
Vaults:4: v_rooms_2, v_misc_33, vaults_room_grid,
          vaults_mumra_minichess_inversion, nicolae_vaults_whirlpool_walls,
          nicolae_vaults_closet_pinwheel_3, nicolae_vaults_tetromino_L_2,
          vaults_mumra_hex, nicolae_vaults_yaktaur_gun_rack, layout_vaults_ring,
          serial_shops, nicolae_shop_mannequins
Crypt:1:  layout_chaotic_city, grunt_ministairs_2, minivault_5, uniq_zenata
Crypt:2:  layout_basic, basic_altar, uniq_margery
Crypt:3:  lightli_unholy_cathedral, layout_chaotic_city,
          tomb_entry_forgotten_bobbens
Depths:1: layout_basic, grunt_hell_entry_dis_grunt, rand_demon_pan_entry_4,
          hangedman_abyss_entry_splay, nicolae_tso_swordbearing_angel,
          uniq_sojobo
Depths:2: kb_forest_paths, layout_cave_shapes, enter_ziggurat_f,
          serial_sigils_hangedman_etch, hell_entry, serial_shops,
          nicolae_shop_back_alley_shop, shop, pan_entry,
          nicolae_qazlal_scattered_showers, minmay_staircase_windowed_large,
          uniq_mara, uniq_vv, uniq_norris
Depths:3: kennysheep_blocky_hall, layout_gridlike, pf_hell_entry_great_geh,
          nicolae_abyss_entry_one_way_or_another, hangedman_decor_lopped,
          minmay_staircase_statues_hall_small
Depths:4: grunt_zot_entry_alcove, layout_small_grid, special_room
          [special_room_morgue], grunt_hell_horde, minmay_misc_feat_five
Zot:1:    layout_cathedral_of_symmetry
Zot:2:    dreamdust_zin_vs_xom, layout_gridlike
Zot:3:    gammafunk_dig_for_victory, layout_cathedral_of_symmetry,
          skrybe_zot_glass_2
Zot:4:    evilmike_crystal_ball_defense, layout_basic, door_vault
Zot:5:    layout_basic

Skill      XL: |  1  2  3  4  5  6  7  8  9 10 11 12 13 14 15 16 17 18 19 20 21 22 23 24 25 26 27 |
---------------+----------------------------------------------------------------------------------+-----
Stealth        | 5 6 7 10 11 12 14 | 14.0
Short Blades   | 2 3 4 5 6 8 9 10 | 10.0
Throwing       | 2 3 |  3.0
Evocations     | 1 3 5 10 | 10.0
Fighting       | 2 3 5 6 7 9 10 11 12 13 14 15 16 17 19 20 22 | 22.4
Dodging        | 1 3 4 5 7 8 9 10 11 12 13 14 15 | 15.8
Invocations    | 2 3 5 6 8 9 10 11 12 13 14 15 16 | 16.0
Armour         | 1 3 4 6 7 8 9 10 11 12 13 14 15 18 | 18.6
Shields        | 4 6 7 8 9 10 11 12 13 14 | 14.0
Spellcasting   | 2 5 6 7 9 |  9.0
Translocations | 2 5 6 8 9 11 12 | 12.3
Transmutations | 2 5 6 8 9 11 | 11.0
Air Magic      | 1 5 7 9 11 12 | 12.2
Long Blades    | 5 11 12 | 12.6

Action                     |  1- 3 |  4- 6 |  7- 9 | 10-12 | 13-15 | 16-18 | 19-21 | 22-24 | 25-27 || total
---------------------------+-------+-------+-------+-------+-------+-------+-------+-------+-------++-------
  Melee: Dagger            |   104 |   184 |   195 |    14 |    40 |    11 |       |       |   307 ||   855
         Bite              |    20 |    61 |   147 |   339 |   659 |   784 |   986 |  1071 |  1575 ||  5642
         Unarmed           |       |    11 |       |       |       |       |       |       |       ||    11
         Punch             |       |     3 |     6 |    12 |     6 |       |       |       |       ||    27
         Short sword       |       |       |   202 |   794 |  1287 |  1514 |  1685 |  1859 |  1452 ||  8793
         Demon blade       |       |       |       |       |       |       |       |       |   795 ||   795
   Fire: Hand crossbow     |       |       |       |       |       |       |     6 |     9 |       ||    15
  Throw: Dart              |       |     9 |     7 |    26 |    17 |     4 |       |    15 |       ||    78
         Stone             |       |       |       |    16 |       |       |       |       |       ||    16
         Javelin           |       |       |       |       |     4 |       |       |     4 |       ||     8
   Cast: Lesser Beckoning  |       |       |       |       |       |     1 |    50 |    68 |    33 ||   152
         Blink             |       |       |       |       |       |       |     1 |       |       ||     1
         Wereblood         |       |       |       |       |       |       |     2 |     4 |     6 ||    12
         Vhi's Electric Ch |       |       |       |       |       |       |       |     6 |    21 ||    27
         Passwall          |       |       |       |       |       |       |       |       |     3 ||     3
         Swiftness         |       |       |       |       |       |       |       |       |     1 ||     1
 Invoke: Grand Finale      |       |       |       |     1 |       |     4 |     6 |     8 |     5 ||    24
         Stomp             |       |       |       |       |     1 |       |     1 |     2 |     3 ||     7
         Line Pass         |       |       |       |       |     1 |     1 |     1 |     6 |     6 ||    15
  Evoke: Wand              |       |       |       |       |    28 |     2 |    16 |     4 |     5 ||    55
         Phantom mirror    |       |       |       |       |       |     1 |       |     1 |       ||     2
         Lightning rod     |       |       |       |       |       |       |     4 |     2 |     2 ||     8
    Use: Scroll            |     1 |     4 |     1 |     9 |    10 |     7 |     1 |    16 |    22 ||    71
         Potion            |       |       |       |       |     1 |       |       |     2 |     4 ||     7
   Stab: Sleeping          |     7 |     5 |     2 |     2 |     3 |    24 |     6 |    14 |       ||    63
         Paralysed         |       |       |     9 |    30 |    96 |   101 |   132 |   145 |   217 ||   730
         Invisible         |       |       |       |       |     4 |       |       |     8 |     1 ||    13
         Petrified         |       |       |       |       |     2 |       |       |       |       ||     2
         Confused          |       |       |       |       |     1 |     1 |       |     6 |     9 ||    17
         Distracted        |       |       |       |       |     5 |     1 |     1 |     2 |     1 ||    10
         Betrayed ally     |       |       |       |       |       |     1 |       |       |       ||     1
 Armour: Robe              |    25 |       |       |       |       |       |       |       |       ||    25
         Scale mail        |     8 |    86 |   107 |   181 |   371 |   173 |       |       |       ||   926
         Skin              |       |     7 |       |       |       |       |       |       |       ||     7
         Storm dragon scal |       |       |       |       |       |   145 |   427 |   283 |       ||   855
         Shadow dragon sca |       |       |       |       |       |       |       |    17 |       ||    17
         Gold dragon scale |       |       |       |       |       |       |       |   297 |   696 ||   993
  Dodge: Dodged            |    53 |   111 |   178 |   366 |   736 |   620 |   581 |   554 |   630 ||  3829
  Block: Kite shield       |       |       |       |       |   574 |   788 |   918 |  1255 |  1610 ||  5145

Table legend: (Time is in decaauts)
 A = Elapsed time spent in this place.
 B = Non-inter-level travel time spent in this place.
 C = Inter-level travel time spent in this place.
 D = Time resting spent in this place.
 E = Time spent auto-exploring this place.
 F = Levels seen in this place.
 G = Mean time per level.
                   A        B        C        D        E       F      G
               +--------+--------+--------+--------+--------+-----+--------+
         Total |  66674 |  53560 |  13114 |   5821 |  29917 |  53 | 1258.0 |
       Dungeon |  22794 |  15973 |   6821 |   1916 |   9299 |  15 | 1519.6 |
        Temple |     34 |      2 |     32 |      0 |      0 |   1 |   34.0 |
          Lair |   5081 |   4180 |    901 |    164 |   2710 |   5 | 1016.2 |
         Swamp |   2760 |   2608 |    152 |    144 |   1445 |   4 |  690.0 |
     Snake Pit |   5140 |   4451 |    689 |    650 |   2215 |   4 | 1285.0 |
  Orcish Mines |   2770 |   1738 |   1032 |    197 |    937 |   2 | 1385.0 |
   Elven Halls |   3921 |   3327 |    594 |    236 |   1860 |   3 | 1307.0 |
        Vaults |   5654 |   4708 |    946 |      9 |   3206 |   4 | 1413.5 |
         Crypt |   2725 |   2534 |    191 |    221 |   1480 |   3 |  908.3 |
        Depths |   4586 |   3575 |   1011 |    355 |   1934 |   4 | 1146.5 |
           Zot |   8302 |   7561 |    741 |   1865 |   3964 |   5 | 1660.4 |
         Abyss |   2899 |   2899 |      0 |     63 |    865 |   3 |  966.3 |
               +--------+--------+--------+--------+--------+-----+--------+

Top non-repeatable levels by time:
     D:9: 3163 daAuts
    D:15: 2891 daAuts
 Abyss:2: 2719 daAuts
   Zot:5: 2104 daAuts
    D:10: 2087 daAuts
   Zot:4: 2079 daAuts
   Orc:2: 2021 daAuts
Vaults:1: 1756 daAuts
 Snake:4: 1750 daAuts
  Lair:3: 1653 daAuts
    D:13: 1650 daAuts
   Zot:3: 1606 daAuts
    D:14: 1586 daAuts
Vaults:2: 1552 daAuts
    D:11: 1539 daAuts
